 Dungeon Crawl Stone Soup version 0.30-a0-953-g5f1da4a474 (webtiles) character file.

Game seed: 15155640951550975465

96 cforsyth the Trooper (level 4, -4/38 HPs)
             Began as a Formicid Fighter on Mar 28, 2023.
             Slain by an orc
             ... wielding a +0 flail
              (7 damage)
             ... on level 3 of the Dungeon.
             The game lasted 00:02:15 (2420 turns).

cforsyth the Trooper (Formicid Fighter)             Turns: 2420, Time: 00:02:15

Health: -4/38      AC: 11    Str: 23    XL:     4   Next: 98%
Magic:  4/4        EV:  9    Int:  7    God:
Gold:   113        SH:  5    Dex: 13    Spells: 3/3 levels left

rFire   . . .      SeeInvis +    a - +0 flail
rCold   . . .      Faith    .    c - +0 buckler
rNeg    . . .      Spirit   .    b - +0 scale mail
rPois   .          Reflect  .    (helmet unavailable)
rElec   .          Rampage  .    n - +0 cloak
rCorr   .                        (no gloves)
Will    .....                    k - +2 pair of boots Stlth
                                 (no amulet)
HPRegen 0.26/turn                (no ring)
MPRegen 0.09/turn                (no ring)

@: no status effects
A: permanent stasis, dig shafts and tunnels, antennae 3, four strong arms
a: Dig, Shaft Self


You were on level 3 of the Dungeon.
You visited 1 branch of the dungeon, and saw 4 of its levels.

You collected 113 gold pieces.

Inventory:

Hand Weapons
 a - a +0 flail (weapon)
Missiles
 s - 2 throwing nets
Armour
 b - a +0 scale mail (worn)
 c - a +0 buckler (worn)
 k - a +2 pair of boots (worn)
 n - a +0 cloak (worn)
Wands
 p - a wand of charming (7)
Scrolls
 g - a scroll of magic mapping {unknown}
 l - 2 scrolls of butterflies {unknown}
 m - a scroll of enchant armour {unknown}
 o - a scroll of teleportation {unknown}
 q - 2 scrolls of identify {unknown}
 r - a scroll of vulnerability {unknown}
 u - a scroll of amnesia {unknown}
Potions
 d - a potion of might
 e - 4 potions of curing {unknown}
 f - a potion of magic {unknown}
 h - 2 potions of cancellation {unknown}
 i - a potion of flight {unknown}
 j - a potion of haste {unknown}
 t - 2 potions of resistance {unknown}


   Skills:
 + Level 4.6 Fighting
 + Level 3.5 Maces & Flails
 - Level 3.3 Armour
 - Level 4.1 Shields


You had 3 spell levels left.
You didn't know any spells.
Your spell library contained the following spells:

 Spells                   Type           Power      Damage    Failure   Level
 Animate Armour           Summ/Erth      0%         N/A       100%        4
 Blade Hands              Tmut           0%         N/A       100%        5
 Iron Shot                Conj/Erth      0%         9d1       100%        6


Dungeon Overview and Level Annotations

Branches:
Dungeon (4/15)
 Temple: D:4-7

Altars:

Annotations:
D:3 2 runed translucent doors, dufus's ghost, amateur GnMo


Innate Abilities, Weirdness & Mutations

You cannot be hasted, slowed, berserked, paralysed or teleported.
You can dig through walls and to a lower floor.
You have a pair of large antennae on your head. (SInv)
Your four strong arms can wield two-handed weapons with a shield.


Message History

There is an open door here.
The orc attacks as you move away! You block the orc's attack.
The orc attacks as you move away! The orc hits you but does no damage.
The orc attacks as you move away! The orc hits you with a +0 flail.
* * * LOW HITPOINT WARNING * * *
The orc attacks as you move away! The orc closely misses you.
The orc attacks as you move away! The orc closely misses you.
The orc attacks as you move away! The orc hits you but does no damage.
The orc attacks as you move away! The orc hits you but does no damage.
The orc attacks as you move away! The orc barely misses you.
The orc attacks as you move away! The orc hits you but does no damage.
The orc attacks as you move away! The orc closely misses you.
The orc attacks as you move away! The orc barely misses you.
The orc attacks as you move away! The orc hits you with a +0 flail!
* * * LOW HITPOINT WARNING * * *
The orc attacks as you move away! You block the orc's attack.
The orc attacks as you move away! The orc barely misses you.
The orc attacks as you move away! The orc closely misses you.
The orc attacks as you move away! The orc closely misses you.
The orc attacks as you move away! The orc barely misses you.
The orc attacks as you move away! The orc hits you with a +0 flail.
You see here a +0 dagger.
The orc attacks as you move away! The orc closely misses you.
The orc attacks as you move away! The orc hits you with a +0 flail.
* * * LOW HITPOINT WARNING * * *
There is a stone staircase leading up here.
You block the orc's attack.
You climb upwards.
Level annotation: 2 runed translucent doors, dufus's ghost, amateur GnMo
There is a stone staircase leading down here.
You completely miss the orc. The orc hits you with a +0 flail!
* * * LOW HITPOINT WARNING * * *
You barely miss the orc. The orc barely misses you.
You hit the orc.
The orc is moderately wounded.
The orc closely misses you.
You hit the orc.
The orc is almost dead.
The orc hits you with a +0 flail!
You die...

.....###...##.#
#.#.........# .....#
#....#.# #...........#
.....#
####...#########.########
######
#.....##...)...<...#
#.....##.#########.######
#........# #.............
#####'##.###.#####.######
#..........# #.#
#....o@....# #.#
#..........# #.#
#..........#####.#
#................#
#.........########
#.........# #.........#
#.........# ###########


You could see an orc.

Vanquished Creatures
  3 adders
  2 worms
  A dart slug (D:1)
  An orc (D:4)
  6 ball pythons
  6 endoplasms
  2 giant cockroaches (D:2)
  5 goblins
  3 hobgoblins (D:1)
  8 jackals (D:3)
  3 quokkas
  5 bats
  2 frilled lizards
  6 kobolds
  3 rats
56 creatures vanquished.

Notes
Turn   | Place    | Note
-------+----------+-------------------------------------------
     0 | D:1      | cforsyth the Formicid Fighter began the quest for the Orb.
     0 | D:1      | Reached XP level 1. HP: 18/18 MP: 1/1
   204 | D:1      | Reached XP level 2. HP: 20/24 MP: 2/2
   775 | D:2      | Reached XP level 3. HP: 28/30 MP: 3/3
  1519 | D:3      | Reached XP level 4. HP: 37/37 MP: 4/4
  1645 | D:3      | Identified the +0 robe "Sisocs" {rElec rC+}
  1826 | D:3      | Found a runed translucent door.
  1957 | D:3      | Found a runed translucent door.
  1958 | D:3      | Noticed dufus's ghost (amateur GnMo)
  2349 | D:4      | Noticed a phantom
  2420 | D:3      | Slain by an orc

Illustrated notes

Levels and vault maps discovered:
D:1:      dpeg_arrival_houses_and_road, layout_basic,
          nicolae_kite_square_tiling_tiny
D:2:      layout_loops_ring
D:3:      layout_basic, ebering_ghost_sewer_f
D:4:      layout_basic, mainiacjoe_overflow_small_starburst,
          mainiacjoe_overflow_six_doors_small

Skill      XL: |  1  2  3 |
---------------+----------+-----
Fighting       | 4 |  4.6
Maces & Flails | 3 |  3.5
Armour         | |  3.3
Shields        | |  4.1

Action                     |  1- 3 |  4- 6 || total
---------------------------+-------+-------++-------
  Melee: Flail             |    74 |    94 ||   168
 Armour: Scale mail        |    50 |    87 ||   137
  Dodge: Dodged            |    26 |    95 ||   121
  Block: Buckler           |    14 |    42 ||    56

Table legend: (Time is in decaauts)
 A = Elapsed time spent in this place.
 B = Non-inter-level travel time spent in this place.
 C = Inter-level travel time spent in this place.
 D = Time resting spent in this place.
 E = Time spent auto-exploring this place.
 F = Levels seen in this place.
 G = Mean time per level.
                   A        B        C        D        E       F      G
               +--------+--------+--------+--------+--------+-----+--------+
         Total |   2466 |   2386 |     80 |      0 |   1923 |   4 |  616.5 |
       Dungeon |   2466 |   2386 |     80 |      0 |   1923 |   4 |  616.5 |
               +--------+--------+--------+--------+--------+-----+--------+

Top non-repeatable levels by time:
     D:3: 780 daAuts
     D:1: 773 daAuts
     D:2: 733 daAuts
     D:4: 178 daAuts
